 Dungeon Crawl Stone Soup version 0.29.0-13-gc9e81de378 (webtiles) character file.

Game seed: 3221131356341158888

536 funkygono the Firebug (level 7, -3/38 HPs)
             Began as a Gargoyle Fire Elementalist on Sept 9, 2022.
             Killed by divine providence
             ... invoked by an orc priest
              (13 damage)
             ... on level 4 of the Dungeon.
             The game lasted 00:06:21 (4637 turns).

funkygono the Firebug (Gargoyle Fire Elementalist)  Turns: 4637, Time: 00:06:22

Health: -3/38      AC:  7    Str: 12    XL:     7   Next: 25%
Magic:  0/13       EV: 12    Int: 17    God:
Gold:   165        SH:  0    Dex: 10    Spells: 4/14 levels left

rFire   . . .      SeeInvis .   e - +0 whip
rCold   . . .      Faith    .   (no shield)
rNeg    + . .      Spirit   .   a - +0 robe
rPois   ∞          Reflect  .   (no helmet)
rElec   +          Harm     .   (no cloak)
rCorr   .          Rampage  .   (no gloves)
Will    .....                   w - +0 pair of boots
Stlth   ++........              (no amulet)
HPRegen 0.12/turn               (no ring)
MPRegen 0.13/turn               (no ring)

@: no status effects
A: sickness immunity, AC +4, negative energy resistance 1, electricity
resistance, torment resistance 1, petrification resistance
a: no special abilities


You were on level 4 of the Dungeon.
You visited 2 branches of the dungeon, and saw 5 of its levels.

You collected 165 gold pieces.

Inventory:

Hand Weapons
 e - a +0 whip (weapon)
 r - the +3 hand axe of Saseotz {vorpal, rPois MP+9 Str+4 Stlth-}
   (You found it on level 3 of the Dungeon)

   It inflicts extra damage upon your enemies.
   Str:       It affects your strength (+4).
   rPois:     It protects you from poison.
   MP:        It affects your magic capacity (+9).
   Stlth:     It makes you less stealthy.
Missiles
 v - 2 throwing nets
Armour
 a - a +0 robe (worn)
 k - the +1 ring mail of the Singing Gods {rF+++ rC- Dex+3}
   (You found it on level 2 of the Dungeon)

   Dex:       It affects your dexterity (+3).
   rF:        It renders you almost immune to fire.
   rC:        It makes you vulnerable to cold.
 w - a +0 pair of boots (worn)
Wands
 t - a wand of charming (10)
Scrolls
 d - 4 scrolls of teleportation {unknown}
 f - a scroll of poison {unknown}
 g - 6 scrolls of identify {unknown}
 j - a scroll of magic mapping {unknown}
 l - a scroll of enchant armour {unknown}
 m - a scroll of noise {unknown}
 n - a scroll of vulnerability {unknown}
 o - a scroll of enchant weapon {unknown}
Potions
 b - 2 potions of magic
 c - a potion of flight {unknown}
 h - a potion of invisibility {unknown}
 i - a potion of cancellation {unknown}
 p - a potion of haste {unknown}
 q - a potion of heal wounds {unknown}
 s - a potion of brilliance {unknown}
 u - a potion of curing {unknown}


   Skills:
 + Level 1.0 Fighting
 + Level 1.3 Maces & Flails
 + Level 2.1 Dodging
 - Level 2.1 Stealth
 + Level 4.3 Spellcasting
 + Level 3.3 Conjurations
 + Level 5.3 Fire Magic


You had 4 spell levels left.
You knew the following spells:

 Your Spells              Type           Power      Damage    Failure   Level
a - Foxfire               Conj/Fire      72%        2x1d7     2%          1
b - Scorch                Fire           42%        2d7       2%          2
c - Conjure Flame         Conj/Fire      18%        6-21      8%          3
d - Flame Wave            Conj/Fire      18%        2d7       26%         4

Your spell library contained the following spells:

 Spells                   Type           Power      Damage    Failure   Level
 Inner Flame              Hex/Fire       12%        N/A       16%         3
 Gell's Gravitas          Tloc           3%         N/A       41%         3
 Lesser Beckoning         Tloc           3%         N/A       41%         3
 Teleport Other           Tloc           3%         N/A       41%         3


Dungeon Overview and Level Annotations

Branches:
Dungeon (4/15)             Temple (1/1) D:4

Altars:
Cheibriados
Elyvilon
Fedhas
Gozag
Hepliaklqana
Makhleb
Nemelex Xobeh
Okawaru
Qazlal
Ru
Trog
Wu Jian
Xom
Yredelemnul
Zin
The Shining One

Shops:
D:1 =

Annotations:
D:4 2 transporters, heinrich's ghost, amateur TrFi


Innate Abilities, Weirdness & Mutations

You are immune to sickness and miasma.
Your stone body is resilient. (AC +4)
You are immune to poison.
You resist negative energy. (rN+)
You are resistant to electric shocks. (rElec)
You are resistant to unholy torment.
You are immune to petrification.


Message History

The orc priest closely misses you. The orc priest completely misses you.
Things that are here:
a +0 whip; an orc corpse
Casting: Foxfire (safe; 2% risk of failure)
Confirm with . or Enter, or press ? or * to list all spells.
You conjure some foxfire!
The orc priest barely misses you.
Unknown command.
You hit the orc priest.
The orc priest is heavily wounded.
The foxfire hits the orc priest but does no damage.
The orc priest is heavily wounded.
The foxfire hits the orc priest but does no damage.
The orc priest is heavily wounded.
The orc priest closely misses you.
You hit the orc priest but do no damage.
Your punch misses the orc priest.
The orc priest is heavily wounded.
The orc priest hits you with a +0 flail!
Casting: Foxfire (safe; 2% risk of failure)
Confirm with . or Enter, or press ? or * to list all spells.
You conjure some foxfire!
The orc priest hits you with a +0 flail.
* * * LOW HITPOINT WARNING * * *
You closely miss the orc priest.
The orc priest is heavily wounded.
The foxfire hits the orc priest.
The orc priest is almost dead.
The foxfire hits the orc priest but does no damage.
The orc priest is almost dead.
The orc priest looks braver for a moment.
You hit the orc priest but do no damage.
The orc priest is almost dead.
The orc priest hits you but does no damage.
You hit the orc priest but do no damage.
The orc priest is almost dead.
The orc priest misses you.
The orc priest invokes the aid of Beogh against you.
Beogh smites you!
You die...

# ..## # .... #
.... ####..#
......# #.....#+#
######o.......
#.....@...#
#.####)...# #.#
################
#.# #...........#
#.# #...........#
#.# #..)........#
#[# #...........+
#.#
####<..........###
#.#
#..............#..


You could see an orc priest.

Vanquished Creatures
  2 ogres (D:4)
  A hound (D:3)
  An orc priest (D:4)
  Jessica (D:2)
  Natasha (thrice) (D:2)
  2 orc wizards
  3 adders
  3 gnolls (D:4)
  2 worms
  4 dart slugs
  12 orcs
  7 ball pythons
  6 bats
  4 endoplasms
  A giant cockroach (D:4)
  2 goblins
  9 hobgoblins
  4 jackals (D:1)
  3 quokkas
  5 frilled lizards
  8 kobolds
  9 rats
92 creatures vanquished.

Vanquished Creatures (others)
  250 foxfires
250 creatures vanquished.

Grand Total: 342 creatures vanquished

Notes
Turn   | Place    | Note
-------+----------+-------------------------------------------
     0 | D:1      | funkygono the Gargoyle Fire Elementalist began the quest
                  | for the Orb.
     0 | D:1      | Reached XP level 1. HP: 10/10 MP: 3/3
   172 | D:1      | Reached XP level 2. HP: 15/15 MP: 0/5
   175 | D:1      | Learned a level 2 spell: Scorch
   397 | D:1      | Found Pyoffecs's Jewellery Emporium.
   579 | D:1      | Reached XP level 3. HP: 20/20 MP: 3/6
   583 | D:1      | Learned a level 3 spell: Conjure Flame
   953 | D:2      | Noticed Natasha
   959 | D:2      | Killed Natasha
   960 | D:2      | Reached skill level 4 in Fire Magic
   960 | D:2      | Reached XP level 4. HP: 24/24 MP: 1/7
  1186 | D:2      | Found a sacrificial altar of Ru.
  1186 | D:2      | Identified the +1 ring mail of the Singing Gods {rF+++ rC-
                  | Dex+3}
  1461 | D:2      | Noticed Jessica
  1471 | D:2      | Killed Jessica
  1531 | D:2      | Noticed Natasha
  1535 | D:2      | Killed Natasha
  1536 | D:2      | Reached XP level 5. HP: 27/28 MP: 3/9
  1713 | D:2      | Noticed Natasha
  1716 | D:2      | Killed Natasha
  1759 | D:2      | Found a faded altar of an unknown god.
  2775 | D:3      | Reached XP level 6. HP: 24/33 MP: 0/11
  2935 | D:3      | Found a burning altar of Makhleb.
  2991 | D:3      | Identified the +3 hand axe of Saseotz {vorpal, rPois MP+9
                  | Str+4 Stlth-}
  3456 | D:3      | Learned a level 4 spell: Flame Wave
  3494 | D:4      | Found a transporter.
  3603 | D:4      | Noticed heinrich's ghost (amateur TrFi)
  3611 | D:4      | Found a transporter.
  3798 | D:4      | Found a staircase to the Ecumenical Temple.
  3807 | Temple   | Entered the Ecumenical Temple
  4134 | D:4      | Reached skill level 5 in Fire Magic
  4161 | D:4      | Reached skill level 1 in Maces & Flails
  4161 | D:4      | Reached XP level 7. HP: 37/37 MP: 9/13
  4625 | D:4      | Reached skill level 1 in Fighting
  4637 | D:4      | Killed from afar by an orc priest

Illustrated notes

Levels and vault maps discovered:
D:1:      dpeg_arrival_brainrot, layout_rooms, serial_shops, nicolae_shop_stone
D:2:      layout_basic, basic_altar, dreamdust_ecumenical_altar_statues,
          minmay_tetromino_i2, uniq_natasha, uniq_jessica
D:3:      minmay_skewed_foursquare, layout_loops_ring, bloody_makhleb
D:4:      layout_basic, kennysheep_mini_moat, temple_hall,
          gammafunk_ghost_stat_death
Temple:   nicolae_temple_bog_church

Skill      XL: |  1  2  3  4  5  6  7 |
---------------+----------------------+-----
Fire Magic     | 4 5 |  5.3
Conjurations   | 2 3 |  3.3
Dodging        | 2 |  2.1
Spellcasting   | 3 4 |  4.3
Maces & Flails | 1 |  1.3
Fighting       | 1 |  1.0
Stealth        | |  2.1

Action                   |  1- 3 |  4- 6 |  7- 9 || total
-------------------------+-------+-------+-------++-------
Melee: Unarmed           |     4 |       |       ||     4
       Whip              |       |    29 |    12 ||    41
 Cast: Foxfire           |    41 |    91 |    26 ||   158
       Scorch            |     1 |    12 |     5 ||    18
Armor: Robe              |     8 |    21 |     6 ||    35
Dodge: Dodged            |    16 |    31 |    13 ||    60
